 Dungeon Crawl Stone Soup version 0.20-a0-1043-gbd57889 (webtiles) character file.

111697 Murumi the Imperceptible (level 16, -2/120 HPs)
             Began as a Vampire Enchanter on Apr 24, 2017.
             Was the Champion of Dithmenos.
             Killed from afar by a thorn hunter (12 damage)
             ... with a volley of thorns
             ... on level 1 of the Swamp.
             The game lasted 02:31:43 (27248 turns).

Murumi the Imperceptible (Vampire Enchanter)       Turns: 27248, Time: 02:31:43

Health: -2/120     AC:  0    Str:  7    XL:     16   Next: 10%
Magic:  21/29      EV: 33    Int: 19    God:    Dithmenos [******]
Gold:   841        SH:  0    Dex: 25    Spells: 16/33 levels left

rFire    . . .     SeeInvis +   (weapon currently unavailable)
rCold    + . .     Gourm    .   (shield currently unavailable)
rNeg     + + .     Faith    .   (armour currently unavailable)
rPois    +         Spirit   .   (helmet currently unavailable)
rElec    .         Reflect  .   (cloak currently unavailable)
rCorr    .         Harm     .   (gloves currently unavailable)
MR       +....                  (boots currently unavailable)
Stlth    ++++++++++             (no amulet)
Regen    0.2/turn               (ring currently unavailable)
MPRegen  0.3/turn               (ring currently unavailable)

@: bat-form, flying, regenerating slowly, wreathed by umbra, very quick
A: fangs 3, see invisible
a: End Transformation, Shadow Step, Shadow Form, Renounce Religion


You were on level 1 of the Swamp.
You worshipped Dithmenos.
Dithmenos was exalted by your worship.
You were very thirsty.
You were in vampire-bat-form.
You visited 5 branches of the dungeon, and saw 25 of its levels.
You also visited: Sewer and Ice Cave.

You collected 2418 gold pieces.
You spent 1577 gold pieces at shops.

Inventory:

Hand Weapons
 f - a +1 dagger of draining
 u - the +9 short sword "Ninikis" (melded) {drain, Fragile rPois MR+ Dex+2}
   (You found it on level 4 of the Dungeon)

   A truly terrible weapon, it drains the life of those it strikes.
   It affects your dexterity (+2).
   It protects you from poison.
   It affects your resistance to hostile enchantments.
   It will be destroyed if unequipped.
Armour
 g - a +0 cloak (melded)
 l - a +1 helmet (melded)
 t - a +1 robe of cold resistance (melded)
 G - a +0 pair of gloves (melded)
Jewellery
 b - a ring of stealth (melded)
 p - an uncursed ring of protection from cold
 y - a +6 ring of evasion
 D - a +4 ring of evasion
 K - a +4 ring of intelligence
 P - a ring of stealth (melded)
 R - the ring of Devotion {rC+ MP+9}
   (You found it in an ice cave)

   [ring of protection from cold]

   It protects you from cold.
   It affects your magic capacity (+9).
 S - an uncursed ring of protection from cold
 T - an uncursed ring of protection from magic
Wands
 C - a wand of paralysis (7/24)
 I - a wand of lightning (9/15)
 Q - a wand of acid (5/15)
Scrolls
 i - 9 scrolls of teleportation
 j - 5 scrolls of amnesia
 o - 3 scrolls of blinking
 r - a scroll of enchant armour
 v - 8 scrolls of remove curse
 x - 6 scrolls of recharging
 A - a scroll of fog
 E - 2 scrolls of fear
 F - 2 scrolls of magic mapping
 H - a scroll of enchant weapon
 N - 3 scrolls of summoning
 O - 6 scrolls of identify
 U - a scroll of silence
Potions
 a - 16 potions of curing
 d - 22 potions of blood
 e - a potion of resistance
 h - 3 potions of cancellation
 k - 6 potions of brilliance
 m - 3 potions of flight
 n - a potion of invisibility
 q - 6 potions of might
 s - 6 potions of heal wounds
 w - 3 potions of magic
 z - 3 potions of haste
 B - 3 potions of lignification
 J - a potion of agility
Books
 c - a book of Maledictions

   Spells                             Type                      Level
   a - Corona                         Hexes                        1
   b - Ensorcelled Hibernation        Hexes/Ice                    2
   c - Confuse                        Hexes                        3
   d - Tukima's Dance                 Hexes                        3
   e - Dazzling Spray                 Conjuration/Hexes            3
 L - a book of Enchantments

   Spells                             Type                      Level
   a - Cause Fear                     Hexes                        4
   b - Yara's Violent Unravelling     Hexes/Transmutation          5
   c - Silence                        Hexes/Air                    5
   d - Deflect Missiles               Charms/Air                   6
   e - Discord                        Hexes                        8
 M - a book of Spatial Translocations

   Spells                             Type                      Level
   a - Blink                          Translocation                2
   b - Shroud of Golubria             Charms/Translocation         2
   c - Lesser Beckoning               Translocation                3
   d - Gell's Gravitas                Translocation                3
   e - Teleport Other                 Translocation                3
   f - Passage of Golubria            Translocation                4


   Skills:
 - Level 9.0 Fighting
 + Level 10.7 Short Blades
 - Level 10.0 Dodging
 - Level 26.0 Stealth
 - Level 9.0 Spellcasting
 - Level 15.0 Hexes
 - Level 5.0 Translocations


You had 16 spell levels left.
You knew the following spells:

 Your Spells              Type           Power        Failure   Level  Hunger
a - Tukima's Dance        Hex            ######..     1%          3    None
b - Ensorcelled Hibernat  Hex/Ice        #####.       1%          2    None
c - Confuse               Hex            ######..     1%          3    None
d - Dazzling Spray        Conj/Hex       #####.       1%          3    None
e - Blink                 Tloc           N/A          1%          2    None
f - Cause Fear            Hex            ######....   1%          4    ###....


Dungeon Overview and Level Annotations

Branches:
Dungeon (15/15)            Temple (1/1) D:4            Lair (6/6) D:10
  Swamp (1/4) Lair:4       Spider (0/4) Lair:2        Slime (0/5) Lair:5
    Orc (2/2) D:9             Elf (0/3) Orc:2        Vaults (0/5) D:14
 Depths (0/5) D:15

Altars:
Ashenzari
Cheibriados
Dithmenos
Elyvilon
Fedhas
Gozag
Hepliaklqana
Kikubaaqudgha
Makhleb
Nemelex Xobeh
Okawaru
Qazlal
Ru
Sif Muna
Trog
Uskayaw
Vehumet
Wu Jian
Xom
Yredelemnul
Zin
The Shining One
Beogh
Jiyva

Shops:
D:4 *   D:11 (   D:12 *?   Orc:2 ([(:

Annotations:
Abyss:1 Psyche


Innate Abilities, Weirdness & Mutations

You heal slowly.
You have razor-sharp teeth.
You have supernaturally acute eyesight. (SInv)
((You can survive without breathing.))


Message History

You hit the briar patch but do no damage.
Your shadow hits the briar patch but does no damage.
You completely miss the briar patch.
You hit the briar patch but do no damage.
Two of your 24 potions of blood rot away.
The thorn hunter fires a volley of thorns at you.
The volley of thorns misses you.
The thorn hunter gestures. x2
The briar patch crumbles away. x7
The thorn hunter fires a volley of thorns at you.
The volley of thorns misses you.
The briar patch crumbles away. x5
The thorn hunter fires a volley of thorns at you.
The volley of thorns hits you!
* * * LOW HITPOINT WARNING * * *
The briar patch crumbles away. x3
The briar patch crumbles away. x2
The thorn hunter fires a volley of thorns at you.
The volley of thorns hits you!
You die...

.....♣♣ ♣.≈≈≈..≈...♣ ♣≈≈≈≈≈♣♣
.....♣♣♣♣♣♣.P≈≈≈≈≈♣♣♣♣ ♣♣≈≈≈≈..♣
.≈≈≈.♣...♣♣P≈≈≈≈≈≈≈♣ ♣♣.≈≈...≈♣
.≈≈≈..≈≈≈..P≈≈≈....♣ ♣..≈...≈♣♣
≈≈≈..≈≈≈≈≈≈≈≈≈PfPP♣♣ ♣.≈≈≈.§♣♣
.≈≈≈≈.≈.♣♣P≈≈P.P..≈♣♣♣..≈≈..≈♣ ♣
..≈≈♣♣.÷♣♣.≈≈≈......♣♣...≈≈.♣♣♣♣
... ♣♣♣♣≈.≈≈≈..≈.≈..♣♣..≈≈.≈♣♣≈
♣.≈≈≈≈.b..≈≈.♣♣.≈≈).≈♣♣§
♣...≈≈≈.≈≈≈≈.♣♣.≈)...≈.≈
♣≈.......≈≈..≈≈^≈≈≈≈..≈.
♣♣♣.≈≈.§.≈≈≈≈♣♣..≈≈≈≈≈...
♣♣........≈≈≈♣♣♣≈.....≈.<♣
♣≈.≈≈..♣♣...≈♣♣≈..♣≈≈...♣♣
♣♣.....♣♣♣≈≈≈....≈♣♣.....)
♣.....♣♣ ♣♣♣♣.......♣≈≈≈..
♣≈..♣♣♣ ♣.≈≈...♣≈≈≈≈..


You could see a thorn hunter.

Vanquished Creatures
  Saint Roka (Orc:2)
  A fire giant (D:15)
  A frost giant (IceCv)
  Nessos (D:14)
  A dire elephant (Lair:3)
  The ghost of Trigun the Fighter, a journeyman BaFi of Ashenzari (IceCv)
  10 hydras
  Erica (D:8)
  3 centaur warriors
  6 death yaks
  6 two-headed ogres
  Urug (Orc:1)
  2 orc high priests (Orc:2)
  2 tengu warriors (D:15)
  2 unseen horrors
  3 orc knights
  3 orc sorcerers
  A deep elf mage (D:15)
  8 ugly things
  A wolf spider (D:15)
  3 cyclopes
  2 manticores (D:14)
  29 elephants
  4 black mambas
  An ice statue (IceCv)
  2 centaur skeletons
  A torpor snail (Lair:6)
  A gargoyle (D:10)
  A rime drake (shapeshifter) (D:14)
  30 spiny frogs
  4 kobold demonologists
  A rime drake (Lair:2)
  An efreet (D:14)
  9 komodo dragons
  9 trolls
  A queen bee (D:8)
  16 polar bears
  Grinder (D:5)
  4 tyrant leeches (Lair:6)
  2 bog bodies (Swamp:1)
  9 dream sheep (Lair:6)
  5 hippogriffs
  27 blink frogs
  A spriggan (Lair:3)
  3 vampires
  3 wraiths
  A shadow (Swamp:1)
  69 yaks
  5 wyverns
  A basilisk (Lair:5)
  Eustachio (D:4)
  9 vampire mosquitoes
  15 humans (D:14)
  2 hungry ghosts
  Menkaure (D:4)
  5 wargs
  3 swamp worms (Swamp:1)
  3 acid dragons
  7 water moccasins
  A soldier ant (D:12)
  11 porcupines
  3 black bears
  A swamp drake (Swamp:1)
  Purgy (Sewer)
  An eye of draining (D:4)
  4 ice beasts
  2 phantoms (D:9)
  48 orc warriors
  A hornet zombie (D:15)
  6 centaurs
  A sky beast (D:14)
  8 ogres
  2 necrophages
  15 wolves (IceCv)
  3 big kobolds
  9 crocodiles
  Blork the orc (Orc:1)
  24 bullfrogs
  2 gnoll sergeants
  A water moccasin zombie (D:5)
  A wyvern skeleton (D:10)
  3 scorpions
  22 killer bees
  6 electric eels
  A howler monkey (D:13)
  3 wights (D:12)
  11 crimson imps
  4 centaur zombies
  A bullfrog zombie (D:8)
  2 gnoll shamans (D:6)
  2 quasits (D:5)
  2 hounds
  4 jellies
  36 orc wizards
  15 orc priests
  Jessica (D:2)
  5 bullfrog skeletons
  4 iguanas
  4 hell rats (Lair:2)
  13 worker ants
  2 hound zombies
  A hound skeleton (D:11)
  Robin (D:2)
  A howler monkey zombie (D:8)
  39 gnolls
  11 adders
  2 howler monkey skeletons
  5 shadow imps
  12 white imps (D:14)
  An ooze (D:2)
  3 adder skeletons
  3 worms
  4 dart slugs
  8 leopard geckos
  128 orcs
  7 bats
  7 giant cockroaches
  22 goblins
  10 hobgoblins
  41 jackals
  17 kobolds
  5 quokkas
  2 ball pythons
  4 frilled lizards
  8 rats
  A briar patch (Swamp:1)
977 creatures vanquished.

Vanquished Creatures (collateral kills)
  A two-headed ogre (D:9)
  A human (D:14)
  A warg (Orc:2)
  An ogre (D:9)
  A killer bee (D:12)
  An orc (D:10)
6 creatures vanquished.

Vanquished Creatures (others)
  3 dancing weapons
  An orc wizard (D:8)
  A bush (Lair:6)
  21 fungi
  42 plants
  A withered plant (D:9)
69 creatures vanquished.

Grand Total: 1052 creatures vanquished

Notes
Turn   | Place    | Note
-------+----------+-------------------------------------------
     0 | D:1      | Murumi the Vampire Enchanter began the quest for the Orb.
     0 | D:1      | Reached XP level 1. HP: 13/13 MP: 3/3
   296 | D:1      | Reached skill level 5 in Stealth
   337 | D:1      | Reached XP level 2. HP: 20/20 MP: 5/5
   341 | D:1      | Learned a level 2 spell: Ensorcelled Hibernation
   430 | D:1      | Reached skill level 1 in Fighting
   885 | D:1      | Reached XP level 3. HP: 20/27 MP: 1/6
  1084 | D:2      | Noticed Jessica
  1092 | D:2      | Killed Jessica
  1092 | D:2      | Reached skill level 6 in Stealth
  1092 | D:2      | Reached XP level 4. HP: 33/33 MP: 7/7
  1116 | D:2      | Found a shattered altar of Ashenzari.
  1158 | D:2      | Noticed Robin
  1540 | D:2      | Reached skill level 7 in Stealth
  1588 | D:2      | Killed Robin
  1640 | D:2      | Learned a level 3 spell: Confuse
  1808 | D:2      | Reached XP level 5. HP: 38/38 MP: 8/8
  2252 | D:3      | Found an ornate altar of the Wu Jian Council.
  2491 | D:3      | Reached skill level 8 in Stealth
  2508 | D:3      | HP: 1/38 [gnoll/spear (6)]
  2932 | D:3      | Found a glowing golden altar of the Shining One.
  3398 | D:4      | Found a staircase to the Ecumenical Temple.
  3407 | Temple   | Entered the Ecumenical Temple
  3468 | Temple   | Became a worshipper of Dithmenos the Shadowed
  3554 | D:4      | Reached skill level 9 in Stealth
  3554 | D:4      | Reached XP level 6. HP: 44/44 MP: 9/9
  3568 | D:4      | Found Naggirr's General Store.
  3571 | D:4      | Got a steaming short sword
  3572 | D:4      | Identified the +9 short sword "Ninikis" {drain, Fragile rPois MR+ Dex+2} (You found it on level 4 of the Dungeon)
  3578 | D:4      | Noticed Eustachio
  3609 | D:4      | Killed Eustachio
  3609 | D:4      | Reached skill level 10 in Stealth
  3647 | D:4      | Noticed Menkaure
  3659 | D:4      | Killed Menkaure
  3659 | D:4      | Reached skill level 5 in Hexes
  3659 | D:4      | Reached XP level 7. HP: 46/50 MP: 2/10
  3738 | D:4      | Found a bloodstained altar of Trog.
  4007 | D:4      | Found an opulent altar of Gozag.
  4012 | D:4      | Found a basalt altar of Yredelemnul.
  4199 | D:5      | Entered Level 5 of the Dungeon
  4291 | D:5      | Noticed a yak
  4311 | D:5      | Reached * piety under Dithmenos
  4345 | D:5      | Killed a yak
  4345 | D:5      | Reached skill level 5 in Dodging
  4345 | D:5      | Reached XP level 8. HP: 22/56 MP: 1/11
  4613 | D:5      | Noticed Grinder
  4627 | D:5      | Killed Grinder
  4656 | D:5      | Found a white marble altar of Elyvilon.
  4984 | D:5      | Found a glowing drain.
  4989 | Sewer    | Entered a sewer
  5002 | Sewer    | Reached ** piety under Dithmenos
  5046 | Sewer    | Noticed Purgy
  5053 | Sewer    | Killed Purgy
  5053 | Sewer    | Reached skill level 11 in Stealth
  5306 | D:6      | Found an ornate altar of the Wu Jian Council.
  5619 | D:6      | Reached XP level 9. HP: 61/61 MP: 12/12
  5620 | D:6      | Reached skill level 12 in Stealth
  5637 | D:6      | Reached *** piety under Dithmenos
  5740 | D:6      | Learned a level 3 spell: Tukima's Dance
  5744 | D:6      | Learned a level 3 spell: Dazzling Spray
  6280 | D:7      | Found a radiant altar of Vehumet.
  6392 | D:7      | You fall through a shaft for 3 floors!
  6392 | D:10     | Entered Level 10 of the Dungeon
  6416 | D:10     | Found a roughly hewn altar of Beogh.
  6443 | D:10     | Reached **** piety under Dithmenos
  6443 | D:10     | Reached skill level 13 in Stealth
  6467 | D:10     | Found a staircase to the Lair.
  6503 | D:10     | Reached skill level 14 in Stealth
  6515 | D:10     | Reached skill level 5 in Short Blades
  6629 | D:10     | Noticed a gargoyle
  6634 | D:10     | Killed a gargoyle
  6634 | D:10     | Reached XP level 10. HP: 61/70 MP: 16/16
  6646 | D:10     | Reached skill level 15 in Stealth
  6772 | D:8      | Reached skill level 10 in Hexes
  7128 | D:8      | Found an iron altar of Okawaru.
  7489 | D:7      | Reached ***** piety under Dithmenos
  7608 | D:8      | Noticed Psyche
  7637 | D:8      | Banished Psyche
  7673 | D:8      | Found a hazy altar of Hepliaklqana.
  7680 | D:8      | Reached skill level 16 in Stealth
  7690 | D:8      | Noticed Erica
  7723 | D:8      | Killed Erica
  8452 | D:9      | Noticed a two-headed ogre
  8455 | D:9      | Found a white marble altar of Elyvilon.
  8456 | D:9      | Found a snail-covered altar of Cheibriados.
  8459 | D:9      | Killed a two-headed ogre
  8459 | D:9      | Reached skill level 17 in Stealth
  8459 | D:9      | Reached XP level 11. HP: 77/77 MP: 17/17
  8503 | D:9      | Noticed a two-headed ogre
  8513 | D:9      | Killed a two-headed ogre
  8553 | D:9      | Found a blossoming altar of Fedhas.
  8555 | D:9      | Found an ancient bone altar of Kikubaaqudgha.
  8590 | D:9      | Found an iron altar of Okawaru.
  8621 | D:9      | Found a staircase to the Orcish Mines.
  8681 | D:9      | Reached skill level 18 in Stealth
  8971 | Lair:1   | Entered Level 1 of the Lair of Beasts
  9019 | Lair:1   | Reached skill level 5 in Spellcasting
  9391 | Lair:1   | Reached skill level 19 in Stealth
  9449 | Lair:1   | Reached skill level 5 in Fighting
 10021 | Lair:1   | Noticed a centaur warrior
 10052 | Lair:1   | Killed a centaur warrior
 10255 | Lair:2   | Found a hole to the Spider Nest.
 10303 | Lair:2   | Reached XP level 12. HP: 86/86 MP: 16/19
 10634 | Lair:2   | Found a burning altar of Makhleb.
 11073 | Lair:3   | Reached skill level 20 in Stealth
 11202 | Lair:3   | You fall through a shaft for 2 floors!
 11234 | Lair:5   | Noticed a six-headed hydra
 11271 | Lair:5   | Killed a six-headed hydra
 11463 | Lair:3   | Reached ****** piety under Dithmenos
 11492 | Lair:3   | Noticed a dire elephant
 11508 | Lair:3   | Killed a dire elephant
 11508 | Lair:3   | Reached skill level 21 in Stealth
 11533 | Lair:3   | Reached XP level 13. HP: 93/93 MP: 9/22
 12385 | Lair:4   | Found a staircase to the Swamp.
 13425 | Lair:5   | Reached skill level 22 in Stealth
 13496 | Lair:5   | Found a staircase to the Slime Pits.
 13496 | Lair:5   | Found a viscous altar of Jiyva.
 14351 | Lair:6   | Entered Level 6 of the Lair of Beasts
 15012 | Lair:6   | Reached skill level 23 in Stealth
 15220 | Lair:6   | Reached XP level 14. HP: 103/103 MP: 17/24
 15241 | Lair:6   | Reached skill level 10 in Dodging
 15656 | Lair:6   | Reached skill level 10 in Short Blades
 16589 | Orc:1    | Entered Level 1 of the Orcish Mines
 16626 | Orc:1    | Noticed Urug
 16628 | Orc:1    | Killed Urug
 16765 | Orc:1    | Reached skill level 24 in Stealth
 16787 | Orc:2    | Entered Level 2 of the Orcish Mines
 16804 | Orc:1    | Noticed Blork the orc
 16822 | Orc:1    | Killed Blork the orc
 17119 | Orc:2    | Found a staircase to the Elven Halls.
 17130 | Orc:2    | Found a deep blue altar of Sif Muna.
 17189 | Orc:2    | Identified Sif Muna's Guide on the Arsonist
 17222 | Orc:2    | Found a roughly hewn altar of Beogh.
 17600 | Orc:2    | Noticed Saint Roka
 18165 | Orc:2    | Found a roughly hewn altar of Beogh.
 18192 | Orc:2    | Found Adghol's Weapon Boutique.
 18318 | Orc:2    | Found a roughly hewn altar of Beogh.
 18344 | Orc:2    | Found a roughly hewn altar of Beogh.
 18350 | Orc:2    | Found Vaiminot's Book Emporium.
 18388 | Orc:2    | Bought a book of Enchantments for 650 gold pieces
 18388 | Orc:2    | Bought a book of Spatial Translocations for 845 gold pieces
 18391 | Orc:2    | Learned a level 2 spell: Blink
 18520 | Orc:2    | Found a roughly hewn altar of Beogh.
 19449 | Orc:2    | Killed Saint Roka
 19590 | Orc:2    | Found Cuitzedy's Antique Armour Shoppe.
 19591 | Orc:2    | Found a roughly hewn altar of Beogh.
 19592 | Orc:2    | Found Heqigouz's Antique Weapon Emporium.
 20787 | D:11     | Found Ygamip's Weapon Boutique.
 20975 | D:11     | Reached XP level 15. HP: 110/110 MP: 24/27
 21100 | D:11     | Found a deep blue altar of Sif Muna.
 21509 | D:12     | Reached skill level 25 in Stealth
 21572 | D:12     | Found Duihin Uzunn's Magic Scroll Emporium.
 21577 | D:12     | Bought a scroll of vulnerability for 82 gold pieces
 21605 | D:12     | Reached skill level 1 in Translocations
 21702 | D:12     | Found Lebitrym's Blood Bar.
 22333 | D:14     | Found a gate to the Vaults.
 22333 | D:14     | Noticed Nessos
 22373 | D:14     | Found a frozen archway.
 22446 | IceCv    | Entered an ice cave
 22446 | IceCv    | Noticed Trigun's ghost (journeyman BaFi)
 22473 | IceCv    | Killed Trigun's ghost
 22840 | IceCv    | Reached skill level 5 in Translocations
 23714 | IceCv    | Reached skill level 15 in Hexes
 23752 | IceCv    | Noticed a frost giant
 23887 | IceCv    | Killed a frost giant
 24013 | IceCv    | Got a coiled turquoise ring
 24014 | IceCv    | Identified the ring of Devotion {rC+ MP+9} (You found it in an ice cave)
 24401 | D:14     | Learned a level 4 spell: Cause Fear
 24470 | D:14     | Killed Nessos
 25064 | D:15     | Entered Level 15 of the Dungeon
 25192 | D:15     | Found a staircase to the Depths.
 25192 | D:15     | Noticed a fire giant
 25401 | D:15     | Killed a fire giant
 25805 | D:15     | Reached XP level 16. HP: 120/120 MP: 17/29
 26065 | Swamp:1  | Entered Level 1 of the Swamp
 26153 | Swamp:1  | Reached skill level 26 in Stealth
 26473 | Swamp:1  | Noticed a thorn hunter
 27248 | Swamp:1  | Killed from afar by a thorn hunter

Vault maps used:
D:1:      dpeg_arrival_long_road, st_stairs_12
D:2:      evilmike_ruin_ashenzari, minmay_small_reverse_x, uniq_jessica,
          uniq_robin
D:3:      nicolae_overflow_crystal_walls, overflow_temple_1_default
D:4:      minitemple, temple_fountains, serial_shops, nicolae_shop_crystal,
          trog_eyes_of_draining, uniq_eustachio, uniq_menkaure
D:5:      cheibrodos_fzero, portal_sewer_entry_e, first_bread, elyvilon_altar_4,
          uniq_grinder
D:6:      lemuel_castle_with_subvaults, basic_altar
D:7:      marbit_many_paths
D:8:      old_standard_altar, basic_altar, david_nohive_1, uniq_psyche,
          uniq_erica
D:9:      grunt_temple_overflow_growth_and_decay, overflow_temple_1_default,
          grunt_temple_overflow_open
D:10:     erik_lair_orcish_takeover
D:11:     basic_altar, serial_shops, nicolae_shop_crystal, st_stairs_12
D:12:     serial_shops, nicolae_shop_stone, guppyfry_shop_blood
D:14:     david_vaults_3, portal_ice_cave_entry_imps
D:15:     grunt_enter_depths_giant_problem, minmay_misc_feat_room, spider_trap
Temple:   compressed_dpeg_circular_temple
Lair:1:   serial_bayou_pond_d, serial_bayou_shore_a, grunt_megastairs_4,
          serial_bayou_shore_b
Lair:2:   spider_nest_entry_web_field, basic_altar, grunt_megastairs_5,
          serial_bayou_shore_b
Lair:3:   mu_elephants_graveyard, infiniplex_staircase_pool_2, lemuel_fruit_tree
Lair:4:   minmay_swamp_entry_eels
Lair:5:   slime_altar_1, beast_lair_carwin_9, grunt_megastairs_2
Lair:6:   minmay_lair_end_frog_pond
Swamp:1:  evilmike_swamp_ruin_house_4, swamp_pool2
Orc:1:    sword_in_stone, uniq_urug
Orc:2:    grunt_orc_community_town_hall, grunt_orc_community_big_house_1,
          grunt_orc_community_big_house_2, grunt_orc_community_house_2,
          grunt_orc_community_house_2, grunt_orc_community_house_1,
          grunt_orc_community_house_3, grunt_orc_community_house_2,
          nicolae_orc_sculptors_studio, led_sif_book
Sewer:    sewer_the_crocodile
IceCv:    ice_cave_caverns_01

Skill      XL: |  1  2  3  4  5  6  7  8  9 10 11 12 13 14 15 16 |
---------------+-------------------------------------------------+-----
Stealth        | 5 6 7 9 10 11 14 17 19 21 23 24 25 26 | 26.0
Fighting       | 2 3 4 5 6 7 8 9 |  9.0
Short Blades   | 2 4 5 7 9 10 | 10.7
Hexes          | 5 8 10 11 12 13 14 15 | 15.0
Dodging        | 5 7 8 9 10 | 10.0
Spellcasting   | 4 5 6 7 8 9 |  9.0
Translocations | 5 |  5.0

Action                   |  1- 3 |  4- 6 |  7- 9 | 10-12 | 13-15 | 16-18 || total
-------------------------+-------+-------+-------+-------+-------+-------++-------
Melee: Dagger            |   106 |   194 |       |       |       |       ||   300
       Bite              |     6 |     9 |    33 |    25 |   134 |     2 ||   209
       Short sword       |       |     5 |   338 |   358 |  1279 |    30 ||  2010
       Unarmed           |       |       |       |     3 |     2 |     3 ||     8
 Cast: Ensorcelled Hiber |     3 |    18 |    18 |    51 |   185 |     1 ||   276
       Confuse           |       |       |     7 |    20 |   101 |       ||   128
       Tukima's Dance    |       |       |       |    10 |    20 |       ||    30
       Dazzling Spray    |       |       |       |       |    24 |     3 ||    27
       Blink             |       |       |       |       |     2 |     3 ||     5
Invok: Shadow Step       |       |       |       |       |     6 |       ||     6
 Abil: Bat Form          |       |       |       |     1 |     3 |     2 ||     6
       End Transformatio |       |       |       |     1 |     3 |     1 ||     5
  Use: Scroll            |     1 |     4 |    14 |     8 |     8 |     1 ||    36
       Potion            |       |     5 |     3 |     6 |     9 |     2 ||    25
 Stab: Sleeping          |     7 |    26 |    41 |    97 |   261 |    10 ||   442
       Distracted        |     1 |     2 |     1 |     3 |    46 |     1 ||    54
       Confused          |       |       |     4 |    13 |    52 |       ||    69
       Invisible         |       |       |     2 |       |     8 |       ||    10
  Eat: Corpse            |       |     2 |     1 |       |       |       ||     3
Armor: Robe              |    16 |    18 |    27 |    19 |    55 |       ||   135
Dodge: Dodged            |    76 |   121 |   308 |   283 |   875 |    23 ||  1686
